 Dungeon Crawl Stone Soup version 0.28.0-47-ge53b351184 (webtiles) character file.

Game seed: 6020858810193450698

53638 Peloso the Tortoise (level 14, -5/130 HPs)
             Began as a Minotaur Fighter on May 5, 2022.
             Was a High Priest of Okawaru.
             Killed from afar by a smoke demon (10 damage)
             ... with a ball of steam
             ... summoned by an orc high priest
             ... on level 2 of the Orcish Mines.
             The game lasted 00:52:39 (27730 turns).

Peloso the Tortoise (Minotaur Fighter)             Turns: 27730, Time: 00:52:41

Health: -5/130     AC: 15    Str: 24    XL:     14   Next: 31%
Magic:  13/16      EV: 11    Int:  9    God:    Okawaru [*****.]
Gold:   1399       SH:  9    Dex: 14    Spells: 13/13 levels left

rFire   . . .      SeeInvis .   b - +3 scimitar (flame)
rCold   + . .      Faith    .   e - +1 buckler {reflect}
rNeg    + . .      Spirit   .   L - +1 plate armour "Imnedoxzatsa" {Fly Stlth+}
rPois   +          Reflect  +   (helmet restricted)
rElec   .          Harm     .   x - +1 cloak of the Coconut {+Blink rC+}
rCorr   .          Rampage  .   (no gloves)
Will    +....                   (no boots)
Stlth   ..........              (no amulet)
HPRegen 0.31/turn               K - ring "Jyseit" {rPois rN+ Int+4 Dex+2}
MPRegen 0.15/turn               p - +4 ring of protection

@: on fire, heroic, spiked, corroded, flying, glowing
A: horns 2, retaliatory headbutt
a: Renounce Religion, Evoke Blink, Heroism, Finesse, Duel


You were on level 2 of the Orcish Mines.
You worshipped Okawaru.
Okawaru was extremely pleased with you.
You visited 4 branches of the dungeon, and saw 20 of its levels.
You also visited: Gauntlet.

You collected 1891 gold pieces.
You spent 492 gold pieces at shops.

Inventory:

Hand Weapons
 a - a +0 long sword of freezing
 b - a +3 scimitar of flaming (weapon)
 c - the +7 spear "Toushe" {protect, rC+ Dex+3}
   (You found it on level 3 of the Dungeon)

   It grants its wielder temporary protection when it strikes (+7 to AC).
   Dex:       It affects your dexterity (+3).
   rC:        It protects you from cold.
Missiles
 l - a throwing net (quivered)
Armour
 e - a +1 buckler of reflection (worn)
 x - the +1 cloak of the Coconut (worn) {+Blink rC+}
   (You bought it in a shop on level 1 of the Dungeon)

   rC:        It protects you from cold.
   +Blink:    It lets you blink.
 G - the +0 chain mail of Atheism {rN+}
   (You bought it in a shop on level 1 of the Dungeon)

   rN:        It protects you from negative energy.
 L - the +1 plate armour "Imnedoxzatsa" (worn) {Fly Stlth+}
   (Okawaru gifted it to you on level 2 of the Orcish Mines)

   Fly:       It grants you flight.
   Stlth:     It makes you more stealthy.
 M - the +1 cloak "Ageasi" {Rampage rElec rPois}
   (You found it in a Gauntlet)

   rElec:     It insulates you from electricity.
   rPois:     It protects you from poison.
   Rampage:   It bestows one free step when moving towards enemies.
 P - a +1 chain mail of poison resistance
 Q - the +0 plate armour of Pihi {rN+++ MP+9 Str-4 Slay+2}
   (Okawaru gifted it to you in a Gauntlet)

   Str:       It affects your strength (-4).
   Slay:      It affects your accuracy & damage with ranged weapons and melee
   (+2).
   rN:        It renders you almost immune to negative energy.
   MP:        It affects your magic capacity (+9).
 U - +0 swamp dragon scales
Jewellery
 p - a +4 ring of protection (right hand)
 y - a ring of protection from cold
 E - a ring of positive energy
 F - a +4 ring of evasion
 K - the ring "Jyseit" (left hand) {rPois rN+ Int+4 Dex+2}
   (You found it in a Gauntlet)

   [ring of positive energy]

   Int:       It affects your intelligence (+4).
   Dex:       It affects your dexterity (+2).
   rPois:     It protects you from poison.
   rN:        It protects you from negative energy.
 W - a ring of poison resistance
Wands
 k - a wand of flame (24)
 n - a wand of mindburst (39)
 q - a wand of charming (7)
 R - a wand of acid (6)
 S - a wand of iceblast (7)
 Y - a wand of digging (4)
 Z - a wand of polymorph (2)
Scrolls
 j - 4 scrolls of brand weapon
 m - 7 scrolls of fog
 o - 5 scrolls of magic mapping
 r - 3 scrolls of teleportation
 v - 3 scrolls of immolation
 w - a scroll of amnesia
 D - 4 scrolls of enchant weapon
 H - a scroll of noise {unknown}
 I - 2 scrolls of holy word
 J - a scroll of fear {unknown}
 O - a scroll of acquirement {unknown}
Potions
 d - 2 potions of might
 f - 6 potions of mutation
 g - 2 potions of invisibility
 h - a potion of haste
 i - 6 potions of curing
 s - 2 potions of flight
 t - a potion of heal wounds {unknown}
 u - a potion of ambrosia {unknown}
 z - 2 potions of lignification {unknown}
 A - a potion of brilliance {unknown}
 B - 2 potions of resistance {unknown}
 N - a potion of cancellation {unknown}
 V - a potion of berserk rage {unknown}
Miscellaneous
 X - a phial of floods


   Skills:
 + Level 13.8(18.8) Fighting
 + Level 15.1(20.1) Long Blades
 + Level 10.3(15.3) Polearms
 + Level 15.6(20.6) Armour
 + Level 3.7(8.7) Dodging
 + Level 2.8(7.8) Stealth
 + Level 11.6(16.6) Shields
 + Level 4.0 Invocations
 + Level 1.1 Evocations


You had 13 spell levels left.
You didn't know any spells.
Your spell library contained the following spells:

 Spells                   Type           Power      Damage    Failure   Level
 Apportation              Tloc           0%         N/A       94%         1
 Shock                    Conj/Air       0%         1d3       94%         1
 Blink                    Tloc           0%         N/A       98%         2
 Corpse Rot               Necr/Air       0%         N/A       98%         2
 Ensorcelled Hibernation  Hex/Ice        0%         N/A       98%         2
 Passwall                 Tmut/Erth      0%         N/A       98%         2
 Scorch                   Fire           0%         2d5       98%         2
 Static Discharge         Conj/Air       0%         N/A       98%         2
 Confusing Touch          Hex            0%         N/A       100%        3
 Lesser Beckoning         Tloc           0%         N/A       100%        3
 Swiftness                Air            0%         N/A       100%        3
 Airstrike                Air            0%         N/A       100%        4
 Anguish                  Hex/Necr       0%         N/A       100%        4
 Dispel Undead            Necr           0%         3d6       100%        4
 Flame Wave               Conj/Fire      0%         2d4       100%        4
 Olgreb's Toxic Radiance  Pois           0%         N/A       100%        4
 Lightning Bolt           Conj/Air       0%         1d11      100%        5
 Manifold Assault         Tloc           0%         N/A       100%        5
 Yara's Violent Unravell  Hex/Tmut       0%         3d3       100%        5
 Enfeeble                 Hex            0%         N/A       100%        7
 Ozocubu's Refrigeration  Ice            0%         4d5       100%        7
 Ignition                 Fire           0%         3d3       100%        8
 Maxwell's Capacitive Co  Air            0%         ∞         100%        8
 Animate Skeleton         Necr           Unusable   N/A       N/A         1
 Summon Small Mammal      Summ           Unusable   N/A       N/A         1
 Tukima's Dance           Hex            Unusable   N/A       N/A         3
 Death Channel            Necr           Unusable   N/A       N/A         6
 Summon Cactus Giant      Summ           Unusable   N/A       N/A         6

Dungeon Overview and Level Annotations

Branches:
Dungeon (14/15)            Temple (1/1) D:5            Lair (3/6) D:11
  Snake (0/4) Lair:3          Orc (2/2) D:11            Elf (0/3) Orc:2
Gauntlet (visited)
  Swamp: Lair:2-4    Shoals: Lair:2-4    Vaults: D:13-14

Altars:
Fedhas
Hepliaklqana
Kikubaaqudgha
Makhleb
Nemelex Xobeh
Okawaru
Ru
Sif Muna
Trog
Uskayaw
Vehumet
Wu Jian
Yredelemnul
Zin
The Shining One
Beogh

Shops:
D:1 [*[   D:4 ((=?(   D:7 *   D:10 *

Portals:
Trove: D:11 (give 8 potions of haste)

Annotations:
D:10 exclusion: orange crystal statue
D:12 Rupert


Innate Abilities, Weirdness & Mutations

You have a pair of horns on your head.
You reflexively headbutt those who attack you in melee.


Message History

Barbed spikes become lodged in your body.
The orc warrior closely misses you.
You slash the ufetubus! You burn the ufetubus.
You kill the ufetubus!
The ufetubus disappears in a puff of smoke!
The orc priest looks encouraged for a moment.
You block the smoke demon's attack.
The smoke demon hits you but does no damage.
You block the smoke demon's attack.
The orc warrior hits you with a +0 long sword!
* * * LOW HITPOINT WARNING * * *
The barbs in your skin will harm you if you move.
Continue? [Y]es or [N]o only, please.
The barbs in your skin will harm you if you move.
Continue?
Okay, then.
Unknown command.
You hit the orc high priest. You burn the orc high priest.
Your headbutt misses the orc high priest.
The orc high priest is lightly wounded.
The red devil hits you but does no damage.
You block the orc warrior's attack.
The orc high priest hits you but does no damage.
The smoke demon gestures at you.
The sticky flame hits you but does no damage.
You are covered in liquid flames!
You block the orc warrior's attack.
You slash the orc high priest! You burn the orc high priest.
Your headbutt misses the orc high priest.
The orc high priest is moderately wounded.
You are covered in liquid flames!
* * * LOW HITPOINT WARNING * * *
The red devil hits you from afar with a +0 trident!
* * * LOW HITPOINT WARNING * * *
Barbed spikes become lodged in your body.
The orc warrior barely misses you.
The orc high priest hits you with a +0 mace!
* * * LOW HITPOINT WARNING * * *
The smoke demon gestures at you. The ball of steam hits you!
You die...

.#.## ...# ##.....).## .###
.....#######.[.####### ###
.....#........$......# #.##
....#...............#. ...#
#...................... ..##
#.....5o.......#....... ...#
##....35o[)[)........#. ...##
#...5oo34....)......#..
[...#######...§.@o[[........#....
[...#.##.#.....).)[.............
..))......#....[)[[.............
..).).....#))...).[............
.....#..).).....)[.......##....
..#.###...)...............#....
...## #........................
#.## ##.................... ###
##.#..#.###.#..#....


You could see an orc high priest, a smoke demon (summoned), a ynoxinul
(summoned), a red devil (summoned), 3 orc warriors, an orc priest and 3 ufetubi.

Vanquished Creatures
  Gastronok (Lair:3)
  A minotaur (Gauntlet)
  Snorg (Orc:2)
  A catoblepas (Lair:3)
  2 boulder beetles
  Harold (D:8)
  7 hydras
  An ogre mage (Orc:2)
  2 centaur warriors
  Erica (D:7)
  A tengu warrior (D:14)
  8 two-headed ogres
  4 orc high priests (Orc:2)
  8 skeletal warriors
  A death drake (Gauntlet)
  2 orc knights (Orc:2)
  A deep elf pyromancer (D:14)
  2 ugly things
  3 cyclopes
  A worldbinder (Gauntlet)
  An orc sorcerer (Orc:1)
  A spectral centaur (Gauntlet)
  2 black mambas (Lair:3)
  9 elephants (Lair:3)
  Joseph (D:8)
  A gargoyle (D:12)
  6 cane toads
  Maggie (Lair:1)
  4 komodo dragons
  Psyche (D:7)
  A kobold demonologist (D:9)
  7 trolls
  2 hornets
  A polar bear (Lair:3)
  4 slime creatures (D:14)
  5 blink frogs (Lair:3)
  A meliai zombie (Gauntlet)
  Sigmund (D:5)
  2 wraiths
  2 wyverns
  24 yaks
  A basilisk (Lair:1)
  2 wargs
  2 swamp worms (Gauntlet)
  4 vampire mosquitoes (D:13)
  2 acid dragons (D:9)
  6 water moccasins
  Duvessa (D:4)
  An ice beast (D:8)
  25 orc warriors
  2 boggarts (Gauntlet)
  3 ogres
  5 wolves (Lair:1)
  5 centaurs
  2 kobold brigands
  11 bullfrogs
  A gnoll sergeant (D:7)
  A scorpion (D:5)
  A water moccasin zombie (D:7)
  Dowan (D:4)
  6 killer bees (D:9)
  4 wights (D:8)
  A lava snake (D:7)
  4 centaur zombies
  Crazy Yiuf (D:6)
  28 orc priests
  A bullfrog skeleton (D:5)
  A gnoll shaman (D:8)
  2 hounds
  2 iguanas
  A centaur skeleton (D:6)
  Ijyb (D:4)
  9 orc wizards
  2 hound skeletons
  A howler monkey zombie (D:7)
  8 gnolls
  2 adders (D:2)
  An adder skeleton (D:5)
  A worm (D:3)
  A dart slug (D:4)
  73 orcs
  9 bats
  5 endoplasms
  4 giant cockroaches
  11 hobgoblins
  2 jackals (D:3)
  6 quokkas
  10 ball pythons
  2 frilled lizards (D:1)
  11 goblins
  15 kobolds
  7 rats
  2 bushes (D:1)
436 creatures vanquished.

Vanquished Creatures (others)
  A goblin (D:3)
  5 fungi
  14 plants
20 creatures vanquished.

Grand Total: 456 creatures vanquished

Notes
Turn   | Place    | Note
-------+----------+-------------------------------------------
     0 | D:1      | Peloso the Minotaur Fighter began the quest for the Orb.
     0 | D:1      | Reached XP level 1. HP: 19/19 MP: 0/0
    58 | D:1      | Found Xuecyekh's Antique Armour Shoppe.
    67 | D:1      | Reached XP level 2. HP: 27/27 MP: 1/1
    89 | D:1      | Found Ewuxkoax's General Store.
   332 | D:1      | Found Toell's Antique Armour Emporium.
   571 | D:1      | Reached XP level 3. HP: 33/33 MP: 2/2
   954 | D:2      | Found a faded altar of an unknown god.
  1487 | D:3      | Reached XP level 4. HP: 32/40 MP: 3/3
  1499 | D:3      | Identified the +7 spear "Toushe" {protect, rC+ Dex+3}
  1672 | D:3      | Found a bloodstained altar of Trog.
  2543 | D:4      | Found a glowing silver altar of Zin.
  2547 | D:4      | Found a sacrificial altar of Ru.
  2839 | D:3      | Reached skill level 5 in Armour
  2968 | D:3      | Reached skill level 1 in Dodging
  2968 | D:3      | Reached XP level 5. HP: 31/46 MP: 4/4
  3083 | D:4      | Reached skill level 1 in Polearms
  3096 | D:4      | Found Jaumpik's Magic Scroll Emporium.
  3202 | D:4      | Found Ilampynunu's Jewellery Boutique.
  3257 | D:4      | Noticed Duvessa
  3257 | D:4      | Noticed Dowan
  3264 | D:4      | Killed Duvessa
  3265 | D:4      | Reached XP level 6. HP: 42/53 MP: 5/5
  3265 | D:4      | Killed Dowan
  3343 | D:4      | Noticed Ijyb
  3364 | D:4      | Killed Ijyb
  3480 | D:4      | Found an ornate altar of the Wu Jian Council.
  3505 | D:4      | Found Towy's Weapon Shop.
  3643 | D:4      | Found a sparkling altar of Nemelex Xobeh.
  3646 | D:4      | Found Poibboc's Weapon Shop.
  3796 | D:4      | Found Noob's Antique Weapon Emporium.
  3875 | D:5      | Entered Level 5 of the Dungeon
  3875 | D:5      | Noticed Sigmund
  3875 | D:5      | Found a staircase to the Ecumenical Temple.
  3881 | D:5      | Killed Sigmund
  3882 | D:5      | Reached skill level 5 in Shields
  3882 | D:5      | Reached XP level 7. HP: 54/60 MP: 6/6
  3892 | Temple   | Entered the Ecumenical Temple
  4014 | Temple   | Became a worshipper of Warmaster Okawaru
  4262 | D:5      | Found a shimmering blue altar of Sif Muna.
  4608 | D:5      | Found a basalt altar of Yredelemnul.
  4742 | D:6      | Reached skill level 5 in Fighting
  4742 | D:6      | Reached skill level 5 in Polearms
  4846 | D:6      | Noticed a two-headed ogre
  5000 | D:1      | Bought a heavily runed cloak for 171 gold pieces
  5000 | D:1      | Identified the +1 cloak of the Coconut {+Blink rC+} (You
                  | bought it in a shop on level 1 of the Dungeon)
  5181 | D:5      | Killed a two-headed ogre
  5181 | D:5      | Reached * piety under Okawaru
  5182 | D:5      | Reached skill level 1 in Stealth
  5182 | D:5      | Reached XP level 8. HP: 16/69 MP: 7/7
  5992 | D:6      | Found a hide-covered altar of Uskayaw.
  6156 | D:6      | Found a runed translucent door.
  6157 | D:6      | Noticed Crazy Yiuf
  6500 | D:6      | Killed Crazy Yiuf
  7247 | D:7      | Reached ** piety under Okawaru
  7252 | D:7      | Found Jewih's Fire Supplies.
  7301 | D:7      | Reached XP level 9. HP: 55/75 MP: 6/8
  7772 | D:8      | Noticed Psyche
  7772 | D:8      | Noticed a two-headed ogre
  7790 | D:7      | Killed Psyche
  8057 | D:8      | Killed a two-headed ogre
  8057 | D:8      | Reached *** piety under Okawaru
  8245 | D:8      | Received a gift from Okawaru
  8253 | D:8      | Reached skill level 10 in Armour
  8274 | D:8      | Reached skill level 1 in Invocations
  8283 | D:8      | Noticed Joseph
  8311 | D:8      | Killed Joseph
  8425 | D:8      | Reached XP level 10. HP: 75/86 MP: 7/10
  8576 | D:8      | Noticed Erica
  8576 | D:8      | Noticed Harold
  9299 | D:7      | Killed Erica
  9299 | D:7      | Reached **** piety under Okawaru
  9300 | D:7      | Reached skill level 10 in Polearms
  9674 | D:8      | Killed Harold
 10413 | D:9      | Noticed a smoke demon
 10452 | D:9      | Reached skill level 5 in Long Blades
 10818 | D:9      | Reached skill level 1 in Evocations
 11296 | D:9      | Reached ***** piety under Okawaru
 11778 | D:9      | Reached XP level 11. HP: 94/94 MP: 11/11
 12148 | D:1      | Bought a brightly glowing chain mail for 304 gold pieces
 12148 | D:1      | Identified the +0 chain mail of Atheism {rN+} (You bought
                  | it in a shop on level 1 of the Dungeon)
 12305 | D:10     | Entered Level 10 of the Dungeon
 12305 | D:10     | Found Naucug's Assorted Antiques.
 12312 | D:10     | Bought a scroll labelled TUSIMI NATADEL for 17 gold pieces
 12381 | D:10     | Found a blossoming altar of Fedhas.
 12408 | D:10     | Paralysed by a hornet for 2 turns
 12601 | D:10     | Noticed an orange crystal statue
 12742 | D:10     | Received a gift from Okawaru
 13047 | D:11     | Noticed a brown ugly thing
 13059 | D:11     | Killed a brown ugly thing
 13428 | D:11     | Found a portal to a secret trove of treasure.
 13433 | D:11     | Noticed a two-headed ogre
 13442 | D:11     | Killed a two-headed ogre
 13442 | D:11     | Identified the +3 great sword of Intuition {antimagic,
                  | Fragile Int+4 Stlth+} (Okawaru gifted it to you on level 11
                  | of the Dungeon)
 13442 | D:11     | Received a gift from Okawaru
 13791 | D:11     | Found a staircase to the Lair.
 14030 | D:11     | You fall into a shaft and drop 3 floors!
 14038 | D:14     | Noticed a skeletal warrior
 14064 | D:14     | Killed a skeletal warrior
 14101 | D:14     | Noticed a deep elf pyromancer
 14105 | D:14     | Killed a deep elf pyromancer
 14106 | D:14     | Noticed a skeletal warrior
 14121 | D:14     | Killed a skeletal warrior
 14447 | D:14     | Noticed a skeletal warrior
 14478 | D:14     | Killed a skeletal warrior
 14479 | D:14     | Reached skill level 10 in Long Blades
 14880 | D:14     | Noticed a skeletal warrior
 14881 | D:14     | Noticed a skeletal warrior
 14881 | D:14     | Noticed a skeletal warrior
 14912 | D:14     | Killed a skeletal warrior
 14916 | D:14     | Noticed a white ugly thing
 14916 | D:14     | Noticed a white ugly thing
 14916 | D:14     | Noticed a white ugly thing
 14916 | D:14     | Noticed a tengu warrior
 14917 | D:14     | Noticed a centaur warrior
 15313 | D:14     | HP: 2/97 [very large slime creature (35)]
 15367 | D:14     | Noticed a white ugly thing
 15368 | D:14     | Noticed a white ugly thing
 15729 | D:14     | Killed a skeletal warrior
 15729 | D:14     | Received a gift from Okawaru
 15733 | D:14     | Reached XP level 12. HP: 79/106 MP: 9/13
 15850 | D:14     | Killed a tengu warrior
 15956 | D:14     | Killed a centaur warrior
 16138 | D:13     | Reached skill level 10 in Fighting
 16490 | D:12     | Identified the +10 flail "Quorph" {venom, Dex+4}
 16517 | D:12     | Noticed a boulder beetle
 16535 | D:12     | Killed a boulder beetle
 16653 | D:11     | Found a staircase to the Orcish Mines.
 16737 | D:12     | Noticed Rupert
 16773 | Lair:1   | Entered Level 1 of the Lair of Beasts
 16773 | Lair:1   | Found a gate leading to a gauntlet.
 16777 | Gauntlet | Entered a Gauntlet
 16777 | Gauntlet | Found a transporter.
 16782 | Gauntlet | Found a transporter.
 16783 | Gauntlet | Found a transporter.
 16797 | Gauntlet | Found a transporter.
 16798 | Gauntlet | Found a transporter.
 16800 | Gauntlet | Noticed a hell beast
 16815 | Gauntlet | Found a transporter.
 16824 | Gauntlet | Found a runed translucent door.
 16826 | Gauntlet | Found a transporter.
 16828 | Gauntlet | Found a runed translucent door.
 16831 | Gauntlet | Found a transporter.
 16851 | Gauntlet | Found a transporter.
 16856 | Gauntlet | Found a transporter.
 16879 | Gauntlet | Found a transporter.
 16879 | Gauntlet | Found a transporter.
 16907 | Gauntlet | Found a transporter.
 16912 | Gauntlet | Found a transporter.
 16925 | Gauntlet | Found a runed translucent door.
 17267 | Gauntlet | Identified the ring "Jyseit" {rPois rN+ Int+4 Dex+2}
 17810 | Gauntlet | Identified the +1 cloak "Ageasi" {Rampage rElec rPois}
 17965 | Gauntlet | Noticed a minotaur
 17978 | Gauntlet | Killed a minotaur
 17978 | Gauntlet | Identified the +0 plate armour of Pihi {rN+++ MP+9 Str-4
                  | Slay+2} (Okawaru gifted it to you in a Gauntlet)
 17978 | Gauntlet | Received a gift from Okawaru
 18302 | Lair:1   | Noticed an eight-headed hydra
 18310 | Lair:1   | Killed a five-headed hydra
 18455 | Lair:1   | Noticed a five-headed hydra
 18460 | Lair:1   | Killed a three-headed hydra
 18987 | Lair:1   | Noticed Maggie
 18996 | Lair:1   | Killed Maggie
 19197 | Lair:2   | Noticed a four-headed hydra
 19271 | Lair:1   | Killed a one-headed hydra
 19281 | Lair:1   | Reached XP level 13. HP: 63/116 MP: 14/14
 19734 | Lair:2   | Reached skill level 10 in Shields
 20831 | Lair:3   | Found a staircase to the Snake Pit.
 20899 | Lair:3   | Reached ****** piety under Okawaru
 21129 | Lair:3   | Received a gift from Okawaru
 21286 | Lair:3   | Noticed Gastronok
 21303 | Lair:3   | Killed Gastronok
 21982 | Lair:3   | Identified the +12 giant spiked club "Tinan" {vorpal, Int+5
                  | Stlth+}
 23766 | D:13     | Found a glowing golden altar of the Shining One.
 24429 | Orc:1    | Entered Level 1 of the Orcish Mines
 24803 | Orc:1    | Reached skill level 15 in Armour
 25186 | Orc:2    | Entered Level 2 of the Orcish Mines
 25186 | Orc:2    | Found an iron altar of Okawaru.
 25212 | Orc:1    | Reached XP level 14. HP: 81/129 MP: 16/16
 25427 | Orc:2    | Identified the +1 plate armour "Imnedoxzatsa" {Fly Stlth+}
                  | (Okawaru gifted it to you on level 2 of the Orcish Mines)
 25427 | Orc:2    | Received a gift from Okawaru
 25857 | Orc:2    | Found a staircase to the Elven Halls.
 26025 | Orc:2    | Noticed Snorg
 26037 | Orc:2    | Killed Snorg
 27212 | Orc:2    | Reached skill level 15 in Long Blades
 27730 | Orc:2    | HP: 5/130 [orc high priest/+0 mace (8)]
 27730 | Orc:2    | Killed from afar by a smoke demon

Illustrated notes

Levels and vault maps discovered:
D:1:      dpeg_arrival_ternary, layout_rooms, serial_shops,
          nicolae_shop_crystal, nicolae_shop_overgrown_old_shop,
          nicolae_lakefront_shop, serial_forest, infiniplex_forest_zigzag_2,
          infiniplex_forest_end_1, infiniplex_forest_clump_C,
          infiniplex_forest_lined_room_3, infiniplex_forest_end_2,
          infiniplex_forest_end_double, chequers_garden
D:2:      layout_basic, ebering_ecumenical_altar_box, serial_curves,
          eino_curves_02, eino_curves_04, eino_curves_02
D:3:      layout_basic, trog_hazing_becter
D:4:      layout_basic, mainiacjoe_overflow_24_doors, kennysheep_mini_moat,
          jmf_multi_god_temple, serial_shops, nicolae_shop_statue_plus,
          nicolae_shop_behind_doors, nicolae_shop_stone,
          nicolae_shop_hallway_plus, shop, uniq_duvessa, uniq_ijyb
D:5:      layout_cave_pods, mainiacjoe_overflow_surrounded_room,
          mainiacjoe_overflow_alcove_1, minmay_temple_entry_stoned_glass,
          minmay_holes, skrybe_limestone_x, uniq_sigmund
D:6:      layout_layer_cave, mainiacjoe_overflow_six_doors_small,
          uniq_crazy_yiuf_cottage
D:7:      layout_basic, kennysheep_cross_room, corexii_hall_statues_s,
          nicolae_shop_fire_sale [nicolae_sub_dead_trees], serial_park_tiny_2
D:8:      layout_rooms, grunt_decor_arrowhead, minmay_misc_feat_more_columns,
          uniq_harold, uniq_psyche, uniq_erica, uniq_joseph
D:9:      layout_basic, special_room [special_room_orc]
D:10:     layout_roguey, lemuel_doored_altar, serial_shops, shop_fountains,
          minmay_misc_feat_encased, minivault_16
D:11:     layout_basic, dpeg_oklobed_lair, orc_0_dummy,
          nicolae_trove_entry_crossroad
D:12:     nicolae_cairo_tiling, layout_rooms, uniq_rupert
D:13:     layout_layer_cave, nicolae_tso_carved_into_rock
D:14:     layout_basic, erik_vaults_2
Temple:   nicolae_temple_figure_eight
Lair:1:   layout_cave_pods, gauntlet_entry_generic, uniq_maggie
Lair:2:   layout_cellular_growth, nzn_sisyphean_effort
Lair:3:   layout_cave_pods, dummy_snake_entry, grunt_megastairs_5,
          uniq_gastronok
Orc:1:    layout_diamond_mine, nicolae_orc_stony_grotto, nicolae_orc_lost_temple
Orc:2:    st_orc_pillars, layout_diamond_mine, okawaru_metal_pillars_3,
          uniq_snorg

Skill      XL: |  1  2  3  4  5  6  7  8  9 10 11 12 13 14 |
---------------+-------------------------------------------+-----
Armour         | 4 5 7 8 10 11 12 14 15 | 15.6
Fighting       | 4 5 6 7 8 9 11 13 | 13.8
Shields        | 4 5 6 7 8 9 11 | 11.6
Long Blades    | 3 7 10 12 14 15 | 15.1
Dodging        | 1 2 3 |  3.7
Polearms       | 2 4 6 8 9 10 | 10.3
Stealth        | 1 2 |  2.8
Invocations    | 1 2 3 4 |  4.0
Evocations     | 1 |  1.1

Action                   |  1- 3 |  4- 6 |  7- 9 | 10-12 | 13-15 || total
-------------------------+-------+-------+-------+-------+-------++-------
Melee: Long sword        |   164 |     6 |       |       |       ||   170
       Headbutt          |    37 |    12 |    40 |   140 |   144 ||   373
       Spear             |       |    98 |   204 |    30 |       ||   332
       Scimitar          |       |       |       |   528 |   536 ||  1064
Throw: Throwing net      |       |       |       |       |     1 ||     1
Invok: Heroism           |       |       |     6 |    32 |    10 ||    48
Evoke: Wand              |       |     1 |       |     4 |       ||     5
  Use: Scroll            |     8 |       |       |    12 |     4 ||    24
       Potion            |       |     1 |       |     3 |       ||     4
 Stab: Invisible         |       |       |       |     1 |       ||     1
       Held in net/web   |       |       |       |       |     2 ||     2
Armor: Scale mail        |    63 |    75 |       |       |       ||   138
       Chain mail        |       |     4 |    55 |       |       ||    59
       Plate armour      |       |       |    37 |   282 |   279 ||   598
Dodge: Dodged            |    43 |    47 |    57 |   229 |   225 ||   601
Block: Buckler           |    27 |    40 |    59 |   179 |   214 ||   519
       Reflection        |       |       |       |       |     2 ||     2
